[Event "45th FIDE Womens Olympiad 2024"]
[Site "Budapest"]
[Date "2024.09.19"]
[Round "8.118"]
[White "Skvortsova, Alena"]
[Black "Latreche, Sabrina"]
[Result "0-1"]
[ECO "C62"]
[WhiteElo "2179"]
[BlackElo "2030"]
[Annotator "RC"]
[PlyCount "134"]
[EventDate "2024.09.05"]
[EventType "team-tourn"]
[EventCountry "HUN"]
[SourceTitle "playchess.com"]
[Source "ChessBase"]
[SourceQuality "1"]
[WhiteTeam "Montenegro"]
[BlackTeam "Algeria"]
[WhiteTeamCountry "MNE"]
[BlackTeamCountry "ALG"]
[TimeControl "40/5400+30:1800+30"]

1. e4 e5 2. Nf3 Nc6 3. Bb5 Nge7 4. Nc3 d6 5. d4 exd4 6. Nxd4 Bd7 7. Be3 Nxd4 8. Qxd4 Bxb5 9. Nxb5 a6 10. Nc3 Nc6 11. Qd2 Be7 12. Nd5 Qd7 13. O-O-O O-O-O 14. Bb6 Qg4 15. h3 Qxg2 16. Rhg1 Qxe4 17. Bxc7 Rde8 18. Rxg7 Qf5 19. Nxe7+ Rxe7 20. Bxd6 Rd7 21. Qf4 Qe6 22. Rg3 Rhd8 23. Rgd3 Qxa2 24. c3 Qe6 25. h4 b5 26. h5 Ne5 27. Bxe5 Rxd3 28. Rg1 Qa2 29. Qg4+ Kb7 30. Bd4 R3xd4 31. cxd4 Rc8+ 32. Kd2 Qxb2+ 33. Ke3 Qc3+ 34. Ke2 Re8+ 35. Kf1 Re1+ 36. Kg2 Qc6+ 37. Kh2 Re4 38. Qf5 Qc7+ 39. Rg3 Rxd4 40. Qxh7 Rh4+ 41. Kg2 Qc6+ 42. Kf1 Qc1+ 43. Ke2 Qb2+ 44. Kf3 Qb3+ 45. Ke2 Qc4+ 46. Kd2 Qd4+ 47. Ke2 Rf4 48. f3 Qb2+ 49. Ke3 Qc1+ 50. Ke2 Qb2+ 51. Ke3 Qe5+ 52. Kf2 Rf5 53. Rg4 Qh2+ 54. Ke3 Qxh5 55. Qxh5 Rxh5 56. Rg7 Rf5 57. Ke4 Rf6 58. f4 Re6+ 59. Kd5 Re7 60. f5 Kb6 61. Rh7 Rd7+ 62. Ke5 b4 63. f6 a5 64. Rh1 b3 65. Ke4 a4 66. Rb1 Kb5 67. Ke3 Kb4 0-1

[Event "45th FIDE Womens Olympiad 2024"]
[Site "Budapest"]
[Date "2024.09.19"]
[Round "8.119"]
[White "Abdi, Zineb Dina"]
[Black "Milovic, Aleksandra"]
[Result "1/2-1/2"]
[ECO "B01"]
[WhiteElo "1915"]
[BlackElo "2121"]
[Annotator "NA RC"]
[PlyCount "77"]
[EventDate "2024.09.05"]
[EventType "team-tourn"]
[EventCountry "HUN"]
[SourceTitle "playchess.com"]
[Source "ChessBase"]
[SourceQuality "1"]
[WhiteTeam "Algeria"]
[BlackTeam "Montenegro"]
[WhiteTeamCountry "ALG"]
[BlackTeamCountry "MNE"]
[TimeControl "40/5400+30:1800+30"]

1. e4 d5 2. exd5 Qxd5 3. Nc3 Qd8 4. Nf3 Nf6 5. Bc4 e6 6. d3 Be7 7. O-O O-O 8. Qe2 a6 9. a4 Nc6 10. h3 h6 11. Re1 Nd4 12. Nxd4 Qxd4 13. Qf3 Rb8 14. Bf4 Qd7 15. a5 Kh7 16. Bb3 Bd6 17. Bxd6 Qxd6 18. Ne4 Nxe4 19. Qxe4+ Kh8 20. Qe5 Bd7 21. Ba4 Rbd8 22. Qxd6 cxd6 23. Bxd7 Rxd7 24. Ra4 d5 25. c3 Rc8 26. f4 Kg8 27. Kf2 Kf8 28. Kf3 Ke7 29. Rb4 Rc5 30. Ra1 Rb5 31. Rxb5 axb5 32. Ke3 Rd6 33. Kd4 Rc6 34. Ra3 Kd6 35. Rb3 Rc5 36. Ra3 Rc6 37. Rb3 Rc5 38. Ra3 Rc6 39. Rb3 1/2-1/2

[Event "45th FIDE Womens Olympiad 2024"]
[Site "Budapest"]
[Date "2024.09.19"]
[Round "8.120"]
[White "Koljevic, Nikolina"]
[Black "Nassr, Rania"]
[Result "1-0"]
[ECO "B45"]
[WhiteElo "2030"]
[BlackElo "1866"]
[Annotator "NA RC"]
[PlyCount "79"]
[EventDate "2024.09.05"]
[EventType "team-tourn"]
[EventCountry "HUN"]
[SourceTitle "playchess.com"]
[Source "ChessBase"]
[SourceQuality "1"]
[WhiteTeam "Montenegro"]
[BlackTeam "Algeria"]
[WhiteTeamCountry "MNE"]
[BlackTeamCountry "ALG"]
[TimeControl "40/5400+30:1800+30"]

1. e4 c5 2. Nf3 e6 3. d4 cxd4 4. Nxd4 Nc6 5. Nc3 Nf6 6. Nxc6 dxc6 7. Qxd8+ Kxd8 8. Bg5 Bd6 9. O-O-O Ke7 10. f4 h6 11. e5 hxg5 12. exd6+ Kd7 13. fxg5 Nd5 14. Ne4 Rh4 15. Re1 f5 16. gxf6 Nxf6 17. Nxf6+ gxf6 18. Rd1 b5 19. g3 Rh5 20. Bg2 Bb7 21. g4 Rg5 22. Bf3 Rh8 23. h4 Rg6 24. a4 a6 25. b3 Ba8 26. h5 Rgh6 27. Rhf1 c5 28. Bxa8 Rxa8 29. g5 Rxh5 30. Rxf6 Rxg5 31. Rf7+ Kc6 32. Rc7+ Kb6 33. a5+ Kxa5 34. Rb7 Rd5 35. c3 Rd8 36. d7 Rg8 37. Rd2 Rg1+ 38. Kc2 Rg8 39. b4+ cxb4 40. Kb3 1-0

[Event "45th FIDE Womens Olympiad 2024"]
[Site "Budapest"]
[Date "2024.09.19"]
[Round "8.121"]
[White "Terao, Juliana Sayumi"]
[Black "Paulo, Jemima"]
[Result "1-0"]
[ECO "B29"]
[WhiteElo "2161"]
[BlackElo "2037"]
[Annotator "RC"]
[PlyCount "95"]
[EventDate "2024.09.05"]
[EventType "team-tourn"]
[EventCountry "HUN"]
[SourceTitle "playchess.com"]
[Source "ChessBase"]
[SourceQuality "1"]
[WhiteTeam "Brazil"]
[BlackTeam "Angola"]
[WhiteTeamCountry "BRA"]
[BlackTeamCountry "ANG"]
[TimeControl "40/5400+30:1800+30"]

1. e4 c5 2. Nf3 Nf6 3. e5 Nd5 4. c4 Nb6 5. d4 cxd4 6. Qxd4 Nc6 7. Qe4 d6 8. Nc3 e6 9. Bg5 Be7 10. Bxe7 Qxe7 11. exd6 Qxd6 12. a3 O-O 13. Rd1 Qe7 14. Be2 Nd7 15. O-O a6 16. Rfe1 Nf6 17. Qh4 Qc7 18. b4 Ne7 19. Bd3 h6 20. Ne5 b5 21. Rc1 bxc4 22. Qxc4 Qb8 23. Qc5 Ra7 24. Qa5 Bb7 25. Na4 Qd6 26. Qc5 Qd5 27. Bf1 Nc8 28. Red1 Qa2 29. Bc4 Qxa3 30. Ra1 Ne4 31. Qxf8+ Kxf8 32. Rxa3 Ncd6 33. Bf1 Bd5 34. Nc5 Nxc5 35. bxc5 Ne4 36. Rc1 Rc7 37. Rxa6 f6 38. Nd3 Ke7 39. f3 Nd2 40. Nf4 Nb3 41. Re1 Kf7 42. Nxe6 Bxe6 43. Raxe6 Nxc5 44. Rb6 Nd7 45. Rd6 Ne5 46. f4 Ng6 47. g3 Ne7 48. Bd3 1-0

[Event "45th FIDE Womens Olympiad 2024"]
[Site "Budapest"]
[Date "2024.09.19"]
[Round "8.122"]
[White "Caxita, Esperanca"]
[Black "Librelato, Kathie Goulart"]
[Result "0-1"]
[ECO "A04"]
[WhiteElo "1932"]
[BlackElo "2181"]
[Annotator "RC"]
[PlyCount "108"]
[EventDate "2024.09.05"]
[EventType "team-tourn"]
[EventCountry "HUN"]
[SourceTitle "playchess.com"]
[Source "ChessBase"]
[SourceQuality "1"]
[WhiteTeam "Angola"]
[BlackTeam "Brazil"]
[WhiteTeamCountry "ANG"]
[BlackTeamCountry "BRA"]
[TimeControl "40/5400+30:1800+30"]

1. e4 c5 2. Nc3 Nc6 3. Nf3 g6 4. g3 Bg7 5. Bg2 d6 6. d3 e6 7. O-O Nge7 8. Be3 O-O 9. Qd2 Nd4 10. Bh6 Bxh6 11. Qxh6 f6 12. Nxd4 cxd4 13. Ne2 e5 14. c3 dxc3 15. Nxc3 Be6 16. Rac1 Rc8 17. Qe3 Qa5 18. a3 Nc6 19. Ne2 Qb5 20. Qd2 Na5 21. Rxc8 Rxc8 22. Rc1 Rxc1+ 23. Nxc1 Nc6 24. Ne2 Bg4 25. Nc3 Qb3 26. h3 Be6 27. Ne2 Qa4 28. Bf1 Kg7 29. Qc1 a5 30. Kg2 Qb3 31. Qd2 d5 32. Kh2 f5 33. Bg2 fxe4 34. dxe4 d4 35. Nc1 Qb5 36. f4 Bc4 37. Bf3 a4 38. fxe5 Qxe5 39. Nd3 Bxd3 40. Qxd3 Qc5 41. Bd1 Ne5 42. Qd2 b5 43. Qf2 Qc4 44. Qf4 Qc5 45. Qf2 Qd6 46. Kg2 Nc4 47. Kf1 Ne3+ 48. Ke1 Qc6 49. Qf3 Qc1 50. Qe2 Qxd1+ 51. Qxd1 Nxd1 52. Kxd1 Kf6 53. Ke2 Ke5 54. Kf3 h6 0-1

[Event "45th FIDE Womens Olympiad 2024"]
[Site "Budapest"]
[Date "2024.09.19"]
[Round "8.123"]
[White "Alboredo, Julia"]
[Black "Pires, Luzia"]
[Result "1-0"]
[ECO "B51"]
[WhiteElo "2127"]
[BlackElo "1877"]
[Annotator "NA RC"]
[PlyCount "143"]
[EventDate "2024.09.05"]
[EventType "team-tourn"]
[EventCountry "HUN"]
[SourceTitle "playchess.com"]
[Source "ChessBase"]
[SourceQuality "1"]
[WhiteTeam "Brazil"]
[BlackTeam "Angola"]
[WhiteTeamCountry "BRA"]
[BlackTeamCountry "ANG"]
[TimeControl "40/5400+30:1800+30"]

1. e4 c5 2. Nf3 Nc6 3. Bb5 d6 4. O-O e5 5. c3 Bg4 6. h3 Bh5 7. d3 h6 8. a4 a6 9. Bc4 Nge7 10. Nxe5 Nxe5 11. Qxh5 Nxc4 12. dxc4 Nc6 13. Na3 Be7 14. Nc2 Na5 15. Ne3 O-O 16. Rd1 Bg5 17. e5 Nb3 18. Rb1 Qe8 19. exd6 Qe4 20. Nd5 Nxc1 21. Rbxc1 Bxc1 22. Rxc1 Rfd8 23. Ne7+ Kf8 24. Qxc5 Qd3 25. Nf5 Qd2 26. Rf1 Qf4 27. g3 Qg5 28. Rd1 Rac8 29. Qe5 Rd7 30. c5 Re8 31. Qd5 Qf6 32. Ne7 Qe6 33. Qd3 g6 34. Qd4 f6 35. Nxg6+ Kg7 36. Nf4 Qe5 37. b4 Qxd4 38. Rxd4 Re1+ 39. Kg2 Rc1 40. Nd5 Kg6 41. b5 axb5 42. axb5 Kf5 43. Nb6 Rd8 44. c6 bxc6 45. bxc6 Rxc3 46. c7 Rxd6 47. Rxd6 Rxc7 48. Nd7 Ra7 49. Rxf6+ Ke4 50. Rf4+ Kd5 51. Nf6+ Ke6 52. Ng4 h5 53. Nf6 Ra5 54. h4 Rb5 55. Ne4 Rb8 56. f3 Rb2+ 57. Kf1 Ra2 58. Rf6+ Ke5 59. Rd6 Rb2 60. Rd2 Rb8 61. Ke2 Rb3 62. Ra2 Rb5 63. Kd3 Rd5+ 64. Ke3 Rb5 65. f4+ Ke6 66. Ra6+ Ke7 67. Nc3 Rb3 68. Kd4 Kf7 69. f5 Rb4+ 70. Ke5 Rg4 71. Ra7+ Kf8 72. Ne4 1-0

[Event "45th FIDE Womens Olympiad 2024"]
[Site "Budapest"]
[Date "2024.09.19"]
[Round "8.124"]
[White "Felicidade, Felicia"]
[Black "Tamarozi, Isabelle"]
[Result "0-1"]
[ECO "B38"]
[WhiteElo "1742"]
[BlackElo "2059"]
[Annotator "RC"]
[PlyCount "146"]
[EventDate "2024.09.05"]
[EventType "team-tourn"]
[EventCountry "HUN"]
[SourceTitle "playchess.com"]
[Source "ChessBase"]
[SourceQuality "1"]
[WhiteTeam "Angola"]
[BlackTeam "Brazil"]
[WhiteTeamCountry "ANG"]
[BlackTeamCountry "BRA"]
[TimeControl "40/5400+30:1800+30"]

1. e4 c5 2. Nf3 g6 3. c4 Nc6 4. d4 cxd4 5. Nxd4 Nf6 6. Nc3 d6 7. Be2 Bg7 8. Be3 O-O 9. Rc1 Bd7 10. f3 Nxd4 11. Bxd4 a5 12. O-O Bc6 13. Qd2 Nd7 14. Rfd1 Bxd4+ 15. Qxd4 Qb6 16. b3 Qxd4+ 17. Rxd4 Nc5 18. Nd5 Bxd5 19. Rxd5 f6 20. Rcd1 Ra6 21. R1d2 Kf7 22. g3 Rb6 23. Bd1 Ra8 24. a3 Rc8 25. Rb2 e6 26. Rd4 e5 27. Rd5 Ke7 28. Kf2 Na4 29. Rbd2 Nc5 30. Rb2 Ne6 31. Rdd2 Nd4 32. Ke3 Nc6 33. f4 f5 34. g4 fxe4 35. Kxe4 Rf8 36. fxe5 dxe5 37. Be2 Rf4+ 38. Ke3 Nd4 39. Bd1 h6 40. Rf2 g5 41. h3 Rbf6 42. Rh2 Rf1 43. Be2 Ra1 44. a4 Rb6 45. h4 Rxa4 46. hxg5 hxg5 47. Rh5 Rab4 48. Rxg5 Rxb3+ 49. Rxb3 Rxb3+ 50. Bd3 Kf6 51. Rg8 Ne6 52. Kd2 Nc5 53. Bc2 Rb4 54. Rg6+ Kf7 55. Rg5 Nd7 56. Rf5+ Ke7 57. Kc3 Rb6 58. Ba4 Re6 59. Bb3 Nc5 60. Bc2 b6 61. g5 e4 62. Kb2 a4 63. Ka3 e3 64. Rf1 e2 65. Re1 Re3+ 66. Ka2 Ne6 67. Bxa4 Nxg5 68. Bc6 Ne6 69. Kb2 Nd4 70. Bd5 Kd6 71. Kc1 b5 72. Kd2 Re5 73. Bg8 Nf3+ 0-1

[Event "45th FIDE Womens Olympiad 2024"]
[Site "Budapest"]
[Date "2024.09.19"]
[Round "8.125"]
[White "Cordero, Daniela"]
[Black "Keinanen, Anastasia"]
[Result "1/2-1/2"]
[ECO "E60"]
[WhiteElo "2017"]
[BlackElo "2212"]
[Annotator "RC"]
[PlyCount "134"]
[EventDate "2024.09.05"]
[EventType "team-tourn"]
[EventCountry "HUN"]
[SourceTitle "playchess.com"]
[Source "ChessBase"]
[SourceQuality "1"]
[WhiteTeam "Bolivia"]
[BlackTeam "Finland"]
[WhiteTeamCountry "BOL"]
[BlackTeamCountry "FIN"]
[TimeControl "40/5400+30:1800+30"]

1. d4 Nf6 2. Nf3 g6 3. c4 Bg7 4. g3 O-O 5. Bg2 d6 6. O-O Ne4 7. Nfd2 Nxd2 8. Qxd2 e5 9. dxe5 dxe5 10. Rd1 Qxd2 11. Bxd2 c6 12. Bb4 Re8 13. Nc3 f5 14. e4 Be6 15. b3 Nd7 16. Bd6 Bf8 17. Rd2 a5 18. Na4 Bxd6 19. Rxd6 Kf8 20. Rad1 Ke7 21. c5 Rad8 22. Bh3 Nf6 23. f3 b5 24. Nc3 Rxd6 25. Rxd6 Rc8 26. exf5 gxf5 27. a3 Ne8 28. Rd2 Rd8 29. Rxd8 Kxd8 30. Ne4 fxe4 31. Bxe6 exf3 32. Kf2 e4 33. Bf5 Nf6 34. g4 h6 35. h4 Ke7 36. g5 hxg5 37. hxg5 Nd7 38. b4 axb4 39. axb4 Nb8 40. Bxe4 Na6 41. Bxc6 Nxb4 42. Bxb5 Ke6 43. Kxf3 Kf5 44. Ke3 Nd5+ 45. Kd4 Ne7 46. Bd7+ Kxg5 47. Ke5 Kg6 48. Be8+ Kg5 49. Bf7 Nc6+ 50. Kd5 Nd8 51. Be8 Kf6 52. Bb5 Ke7 53. Ba4 Ne6 54. c6 Nc7+ 55. Kc5 Ne6+ 56. Kb6 Kd6 57. Bd1 Nc7 58. Bb3 Ne8 59. Bc4 Nc7 60. Bf7 Na8+ 61. Kb7 Nc7 62. Bc4 Ne8 63. Be2 Nc7 64. Bh5 Nd5 65. Bf7 Nc7 66. Bg6 Ne6 67. Be8 Nd8+ 1/2-1/2

[Event "45th FIDE Womens Olympiad 2024"]
[Site "Budapest"]
[Date "2024.09.19"]
[Round "8.126"]
[White "Paasikangas, Johanna"]
[Black "Monroy G., Nataly A."]
[Result "1-0"]
[ECO "A43"]
[WhiteElo "2058"]
[BlackElo "1939"]
[Annotator "RC"]
[PlyCount "159"]
[EventDate "2024.09.05"]
[EventType "team-tourn"]
[EventCountry "HUN"]
[SourceTitle "playchess.com"]
[Source "ChessBase"]
[SourceQuality "1"]
[WhiteTeam "Finland"]
[BlackTeam "Bolivia"]
[WhiteTeamCountry "FIN"]
[BlackTeamCountry "BOL"]
[TimeControl "40/5400+30:1800+30"]

1. e4 g6 2. d4 Bg7 3. Nf3 c5 4. d5 d6 5. Be2 Nf6 6. Nc3 O-O 7. Bg5 Na6 8. Qd2 Re8 9. Bh6 Bh8 10. h3 Nc7 11. Ng5 Rb8 12. a4 a6 13. a5 b5 14. axb6 Rxb6 15. Ra2 Nb5 16. Na4 Rb8 17. c3 Nc7 18. O-O Bg7 19. Bxg7 Kxg7 20. Bd3 h6 21. Nf3 e6 22. dxe6 Rxe6 23. e5 Nd7 24. exd6 Rxd6 25. Qc2 Qf6 26. Re1 Bb7 27. Be4 Nd5 28. Raa1 Nf4 29. Bxb7 Rxb7 30. Re3 Re6 31. Rae1 Rxe3 32. Rxe3 Qc6 33. c4 Nf6 34. b3 Rd7 35. Nc3 Rd6 36. Ne4 Re6 37. Nxf6 Rxf6 38. Qc3 Kg8 39. Kh2 Re6 40. Qe1 Qd6 41. g3 Rxe3 42. Qxe3 Ne6 43. Qxh6 Qd1 44. Qe3 a5 45. Ne5 a4 46. bxa4 Qxa4 47. Qf3 Qa7 48. Qd5 Qa2 49. Kg2 Qb1 50. Qf3 Ng5 51. Qf4 Qb7+ 52. Kh2 Ne6 53. Qf6 Nd4 54. h4 Qc7 55. Nf3 Nxf3+ 56. Qxf3 Qe5 57. Kg2 Kg7 58. Qe3 Qd6 59. Qc3+ Kg8 60. Kf3 Qc6+ 61. Kf4 Qe6 62. Qd3 Qf6+ 63. Ke3 Qe5+ 64. Qe4 Qc3+ 65. Ke2 Qb2+ 66. Kf3 Qc3+ 67. Kg2 Qf6 68. Qd5 Qe7 69. Kh3 Kg7 70. g4 Qf6 71. Kg3 Qc3+ 72. Kg2 Qa3 73. h5 Qa7 74. Qe5+ f6 75. h6+ Kxh6 76. Qxf6 Qc7 77. f4 Qb7+ 78. Kg3 Qb3+ 79. Kh4 Qxc4 80. Qh8# 1-0

[Event "45th FIDE Womens Olympiad 2024"]
[Site "Budapest"]
[Date "2024.09.19"]
[Round "8.127"]
[White "Yepez Montenegro, Gloria Luz"]
[Black "Bederdin, Lilja"]
[Result "0-1"]
[ECO "D27"]
[WhiteElo "1818"]
[BlackElo "2065"]
[Annotator "NA RC"]
[PlyCount "68"]
[EventDate "2024.09.05"]
[EventType "team-tourn"]
[EventCountry "HUN"]
[SourceTitle "playchess.com"]
[Source "ChessBase"]
[SourceQuality "1"]
[WhiteTeam "Bolivia"]
[BlackTeam "Finland"]
[WhiteTeamCountry "BOL"]
[BlackTeamCountry "FIN"]
[TimeControl "40/5400+30:1800+30"]

1. d4 d5 2. c4 dxc4 3. e3 Nf6 4. Bxc4 e6 5. Nf3 a6 6. O-O c5 7. dxc5 Bxc5 8. Qxd8+ Kxd8 9. a4 b6 10. Nc3 Bb7 11. Ne5 Ke7 12. Nd3 Bd6 13. f3 Nbd7 14. Rd1 Rhd8 15. e4 Rac8 16. Ba2 Ne5 17. Nxe5 Bxe5 18. Be3 Rxd1+ 19. Rxd1 Nd7 20. Bd4 a5 21. Kf2 Ba6 22. g3 Bc4 23. Bxc4 Rxc4 24. Ke3 Rb4 25. f4 Bxd4+ 26. Rxd4 Rxb2 27. Rd2 Rxd2 28. Kxd2 Kd6 29. Kd3 Kc5 30. Na2 Nf6 31. e5 Nd5 32. Ke4 Kc4 33. Nc1 Nc3+ 34. Ke3 Nxa4 0-1

[Event "45th FIDE Womens Olympiad 2024"]
[Site "Budapest"]
[Date "2024.09.19"]
[Round "8.128"]
[White "Puuska, Heini"]
[Black "Molina, Jessica"]
[Result "0-1"]
[ECO "A05"]
[WhiteElo "1930"]
[BlackElo "1945"]
[Annotator "NA RC"]
[PlyCount "78"]
[EventDate "2024.09.05"]
[EventType "team-tourn"]
[EventCountry "HUN"]
[SourceTitle "playchess.com"]
[Source "ChessBase"]
[SourceQuality "1"]
[WhiteTeam "Finland"]
[BlackTeam "Bolivia"]
[WhiteTeamCountry "FIN"]
[BlackTeamCountry "BOL"]
[TimeControl "40/5400+30:1800+30"]

1. Nf3 Nf6 2. e3 b6 3. c4 Bb7 4. Be2 g6 5. b3 Bg7 6. Bb2 d6 7. O-O O-O 8. d3 c5 9. Nc3 a6 10. Qc2 Nc6 11. a3 e6 12. Rfd1 Rc8 13. d4 cxd4 14. Nxd4 Nxd4 15. Rxd4 d5 16. Rad1 Qc7 17. Qd2 Nd7 18. Rh4 Rfd8 19. Na4 Nf6 20. Qc1 b5 21. cxb5 Qe7 22. Qb1 axb5 23. Bxb5 Ne4 24. Rh3 Bc6 25. Bd3 Bxa4 26. Bxg7 Kxg7 27. Bxe4 dxe4 28. bxa4 Rxd1+ 29. Qxd1 Qxa3 30. Qd4+ Kg8 31. g4 Qd3 32. Kg2 Rc1 33. g5 Qf1+ 34. Kg3 Qg1+ 35. Kf4 Qxf2+ 36. Ke5 Qf5+ 37. Kd6 Qxh3 38. Qb2 Rc8 39. Kd7 e5+ 0-1

[Event "45th FIDE Womens Olympiad 2024"]
[Site "Budapest"]
[Date "2024.09.19"]
[Round "8.129"]
[White "Wafa, Shrook"]
[Black "Ortez, Andrea"]
[Result "1-0"]
[ECO "B36"]
[WhiteElo "2137"]
[BlackElo "1948"]
[Annotator "NA RC"]
[PlyCount "63"]
[EventDate "2024.09.05"]
[EventType "team-tourn"]
[EventCountry "HUN"]
[SourceTitle "playchess.com"]
[Source "ChessBase"]
[SourceQuality "1"]
[WhiteTeam "Egypt"]
[BlackTeam "El Salvador"]
[WhiteTeamCountry "EGY"]
[BlackTeamCountry "ESA"]
[TimeControl "40/5400+30:1800+30"]

1. e4 c5 2. Nf3 Nc6 3. d4 cxd4 4. Nxd4 g6 5. c4 Nf6 6. Nc3 Nxd4 7. Qxd4 d6 8. Be2 Bg7 9. O-O O-O 10. Bg5 a5 11. Rfd1 Be6 12. Rac1 a4 13. Qe3 Qa5 14. Bh6 Rfc8 15. Bxg7 Kxg7 16. Nb5 Qb4 17. b3 axb3 18. axb3 Bd7 19. Nd4 Qc5 20. h3 Ra3 21. Qc3 e5 22. Nc2 Nxe4 23. Qf3 Ng5 24. Qxb7 Rc7 25. b4 Nxh3+ 26. gxh3 Rg3+ 27. Kf1 Bxh3+ 28. Ke1 Rg1+ 29. Kd2 Qxf2 30. Qxc7 Rg3 31. Rf1 Bxf1 32. Rxf1 1-0

[Event "45th FIDE Womens Olympiad 2024"]
[Site "Budapest"]
[Date "2024.09.19"]
[Round "8.130"]
[White "Garcia, Angie"]
[Black "Wafa, Shahenda"]
[Result "0-1"]
[ECO "B31"]
[WhiteElo "2015"]
[BlackElo "2102"]
[Annotator "NA RC"]
[PlyCount "62"]
[EventDate "2024.09.05"]
[EventType "team-tourn"]
[EventCountry "HUN"]
[SourceTitle "playchess.com"]
[Source "ChessBase"]
[SourceQuality "1"]
[WhiteTeam "El Salvador"]
[BlackTeam "Egypt"]
[WhiteTeamCountry "ESA"]
[BlackTeamCountry "EGY"]
[TimeControl "40/5400+30:1800+30"]

1. e4 c5 2. Nf3 Nc6 3. Bb5 g6 4. Bxc6 dxc6 5. d3 Bg7 6. h3 e5 7. Be3 Qe7 8. Nbd2 Nf6 9. O-O O-O 10. a3 Rd8 11. Qe2 Nh5 12. Nh2 Nf4 13. Qf3 Ne6 14. Rfb1 Nd4 15. Qd1 f5 16. exf5 gxf5 17. Nhf3 Ne6 18. Nc4 e4 19. Nfe5 f4 20. Bd2 f3 21. dxe4 fxg2 22. c3 Ng5 23. Nf3 Nxh3+ 24. Kh2 Qxe4 25. Qb3 Be6 26. Re1 Qxf3 27. Rxe6 g1=Q+ 28. Rxg1 Nxg1 29. Ne3 Qxf2+ 30. Kh1 Kh8 31. Qxb7 Nf3 0-1

[Event "45th FIDE Womens Olympiad 2024"]
[Site "Budapest"]
[Date "2024.09.19"]
[Round "8.131"]
[White "Romany, Joy"]
[Black "Zavala Galindo, Alejandra Beatriz"]
[Result "1/2-1/2"]
[ECO "A41"]
[WhiteElo "2012"]
[BlackElo "1870"]
[Annotator "NA RC"]
[PlyCount "70"]
[EventDate "2024.09.05"]
[EventType "team-tourn"]
[EventCountry "HUN"]
[SourceTitle "playchess.com"]
[Source "ChessBase"]
[SourceQuality "1"]
[WhiteTeam "Egypt"]
[BlackTeam "El Salvador"]
[WhiteTeamCountry "EGY"]
[BlackTeamCountry "ESA"]
[TimeControl "40/5400+30:1800+30"]

1. d4 d6 2. c4 e5 3. d5 f5 4. Nc3 Nf6 5. g3 g6 6. Bg2 Bg7 7. Nh3 a5 8. O-O O-O 9. e4 Na6 10. f4 Ng4 11. Nf2 Nxf2 12. Rxf2 Nc5 13. Be3 Nxe4 14. Nxe4 fxe4 15. Bxe4 exf4 16. Bxf4 Bf5 17. Bg2 Qd7 18. Qd2 b6 19. Raf1 Bh3 20. Bh6 Bxg2 21. Kxg2 Rxf2+ 22. Rxf2 Rf8 23. Rxf8+ Bxf8 24. Bxf8 Kxf8 25. Qf4+ Kg8 26. Qe4 Kg7 27. h4 Qf7 28. b3 Qf6 29. Qe8 Qb2+ 30. Kh3 Qf6 31. Qd7+ Kh6 32. Kg2 Qb2+ 33. Kh3 Qf6 34. Kg2 Qb2+ 35. Kh3 Qf6 1/2-1/2

[Event "45th FIDE Womens Olympiad 2024"]
[Site "Budapest"]
[Date "2024.09.19"]
[Round "8.132"]
[White "Barahona, Dalila Yamileth"]
[Black "Allam, Yara"]
[Result "0-1"]
[ECO "A14"]
[WhiteElo "1833"]
[BlackElo "1920"]
[Annotator "NA RC"]
[PlyCount "72"]
[EventDate "2024.09.05"]
[EventType "team-tourn"]
[EventCountry "HUN"]
[SourceTitle "playchess.com"]
[Source "ChessBase"]
[SourceQuality "1"]
[WhiteTeam "El Salvador"]
[BlackTeam "Egypt"]
[WhiteTeamCountry "ESA"]
[BlackTeamCountry "EGY"]
[TimeControl "40/5400+30:1800+30"]

1. c4 e6 2. Nf3 Nf6 3. g3 d5 4. b3 Be7 5. Bg2 O-O 6. O-O c5 7. Bb2 Nc6 8. d4 Qc7 9. Na3 a6 10. Rc1 Rd8 11. e3 Qa5 12. Qe1 Qxe1 13. Rfxe1 Nb4 14. Ne5 Nxa2 15. Rcd1 Nb4 16. dxc5 Bxc5 17. g4 Be7 18. g5 Nd7 19. Nxd7 Bxd7 20. cxd5 exd5 21. Bxd5 Nxd5 22. Rxd5 Be6 23. Rd4 Bxb3 24. h4 Bc5 25. Rg4 b5 26. Nb1 a5 27. Nc3 Bb4 28. Rb1 Be6 29. Rg2 Bxc3 30. Bxc3 b4 31. Bd4 Rdc8 32. f4 b3 33. f5 Bd5 34. Rg4 a4 35. g6 fxg6 36. fxg6 h6 0-1

[Event "45th FIDE Womens Olympiad 2024"]
[Site "Budapest"]
[Date "2024.09.19"]
[Round "8.133"]
[White "Wagener, Anna"]
[Black "Mayorga Araya, Sofia"]
[Result "1/2-1/2"]
[ECO "B51"]
[WhiteElo "2251"]
[BlackElo "2059"]
[Annotator "RC"]
[PlyCount "73"]
[EventDate "2024.09.05"]
[EventType "team-tourn"]
[EventCountry "HUN"]
[SourceTitle "playchess.com"]
[Source "ChessBase"]
[SourceQuality "1"]
[WhiteTeam "Luxembourg"]
[BlackTeam "Costa Rica"]
[WhiteTeamCountry "LUX"]
[BlackTeamCountry "CRI"]
[TimeControl "40/5400+30:1800+30"]

1. e4 c5 2. Nf3 d6 3. Bb5+ Nd7 4. O-O Ngf6 5. Re1 e6 6. c3 a6 7. Ba4 b5 8. Bc2 c4 9. a4 Bb7 10. axb5 axb5 11. Rxa8 Qxa8 12. Na3 Bxe4 13. Bxe4 Nxe4 14. Nxb5 Qb7 15. d3 Qxb5 16. Rxe4 cxd3 17. Rb4 Qa6 18. Ra4 Qc8 19. Be3 Be7 20. Qxd3 O-O 21. Ra7 Rd8 22. Qb5 Bf6 23. h3 h6 24. Bd4 e5 25. Be3 Nc5 26. Bxc5 dxc5 27. Qc4 Rd1+ 28. Kh2 e4 29. Qxf7+ Kh8 30. Nh4 Qb8+ 31. g3 e3 32. Rb7 Qd8 33. Ng6+ Kh7 34. Nf8+ Kh8 35. Ng6+ Kh7 36. Nf8+ Kh8 37. Ng6+ 1/2-1/2

[Event "45th FIDE Womens Olympiad 2024"]
[Site "Budapest"]
[Date "2024.09.19"]
[Round "8.134"]
[White "Rodriguez Arrieta, Maria Elena"]
[Black "Bakalarz, Grazyna"]
[Result "1-0"]
[ECO "C42"]
[WhiteElo "1941"]
[BlackElo "1928"]
[Annotator "NA RC"]
[PlyCount "101"]
[EventDate "2024.09.05"]
[EventType "team-tourn"]
[EventCountry "HUN"]
[SourceTitle "playchess.com"]
[Source "ChessBase"]
[SourceQuality "1"]
[WhiteTeam "Costa Rica"]
[BlackTeam "Luxembourg"]
[WhiteTeamCountry "CRI"]
[BlackTeamCountry "LUX"]
[TimeControl "40/5400+30:1800+30"]

1. e4 e5 2. Nf3 Nf6 3. Nxe5 d6 4. Nf3 Nxe4 5. Nc3 Nxc3 6. dxc3 Be7 7. Be3 O-O 8. Qd2 Nd7 9. O-O-O Nf6 10. h3 Be6 11. Kb1 c5 12. Ng5 Bd7 13. Be2 Bc6 14. Rhg1 d5 15. Qe1 Qa5 16. Nf3 Ne4 17. Bd3 Bf6 18. Bxe4 dxe4 19. Nd2 Bd5 20. c4 Qb4 21. Nb3 Qxc4 22. Bxc5 Rfc8 23. Qb4 b6 24. Qxc4 Bxc4 25. Bd4 Bg5 26. Nd2 Bd5 27. Nf1 Be6 28. Ng3 f5 29. Nh5 g6 30. Nf6+ Bxf6 31. Bxf6 Kf7 32. Bg5 Rc6 33. h4 Rac8 34. Rd2 Rc5 35. Rgd1 Ra5 36. b3 Rac5 37. c4 b5 38. Be3 R5c7 39. cxb5 Rb7 40. Rd8 Rxb5 41. Rxc8 Bxc8 42. Bxa7 f4 43. Kb2 Bf5 44. a4 Rb7 45. Bc5 Be6 46. b4 h6 47. Kc3 g5 48. hxg5 hxg5 49. b5 Bg4 50. Re1 Bf5 51. Kb4 1-0